 Dungeon Crawl Stone Soup version 0.29.1-1-gd02db6906a (webtiles) character file.

Game seed: 2755095073586815253

4 Godmorgon the Gusty (level 1, -1/10 HPs)
             Began as a Tengu Air Elementalist on Oct 15, 2022.
             Slain by a quokka (4 damage)
             ... on level 1 of the Dungeon.
             The game lasted 00:00:43 (197 turns).

Godmorgon the Gusty (Tengu Air Elementalist)         Turns: 197, Time: 00:00:44

Health: -1/10      AC:  2    Str:  8    XL:     1   Next: 60%
Magic:  0/4        EV: 12    Int: 15    God:
Gold:   0          SH:  0    Dex: 14    Spells: 3/4 levels left

rFire   . . .      SeeInvis .   a - +0 club
rCold   . . .      Faith    .   (no shield)
rNeg    . . .      Spirit   .   c - +0 robe
rPois   .          Reflect  .   (helmet restricted)
rElec   .          Harm     .   (no cloak)
rCorr   .          Rampage  .   (no gloves)
Will    .....                   (boots unavailable)
Stlth   ++........              (no amulet)
HPRegen 0.03/turn               (no ring)
MPRegen 0.09/turn               (no ring)

@: no status effects
A: beak, talons 3
a: no special abilities


You were on level 1 of the Dungeon.
You visited 1 branch of the dungeon, and saw 1 of its levels.

Inventory:

Hand Weapons
 a - a +0 club (weapon)
Armour
 c - a +0 robe (worn)
Potions
 b - a potion of magic
 d - a potion of heal wounds {unknown}


   Skills:
 - Level 2.1 Dodging
 - Level 2.0 Stealth
 + Level 2.0 Spellcasting
 + Level 1.6 Conjurations
 * Level 4.2 Air Magic


You had 3 spell levels left.
You knew the following spells:

 Your Spells              Type           Power      Damage    Failure   Level
s - Shock                 Conj/Air       40%        1d5       7%          1

Your spell library contained the following spells:

 Spells                   Type           Power      Damage    Failure   Level
 Static Discharge         Conj/Air       10%        3-5/arc   10%         2
 Swiftness                Air            14%        N/A       12%         3
 Airstrike                Air            7%         2d(1-17)  36%         4


Dungeon Overview and Level Annotations

Branches:
Dungeon (1/15)

Altars:


Innate Abilities, Weirdness & Mutations

You have a beak for a mouth.
You have claws for feet.


Message History

Confirm with . or Enter, or press ? or * to list all spells.
Aiming: Shock (safe; 7% risk of failure)
Press: ? - help, Shift-Dir - straight line, f/p - quokka
Aim: a quokka (moderately wounded, 56% to hit)
The zap misses the quokka.
Casting: Shock (safe; 7% risk of failure)
Confirm with . or Enter, or press ? or * to list all spells.
Aiming: Shock (safe; 7% risk of failure)
Press: ? - help, Shift-Dir - straight line, f/p - quokka
Aim: a quokka (moderately wounded, 56% to hit)
The zap misses the quokka.
You closely miss the quokka.
The quokka is moderately wounded.
The quokka barely misses you. x2
You hit the quokka but do no damage. Your kick misses the quokka.
The quokka is moderately wounded.
The quokka closely misses you.
You closely miss the quokka. Your kick misses the quokka.
Your peck misses the quokka.
The quokka is moderately wounded.
The quokka closely misses you. The quokka barely misses you.
You barely miss the quokka. Your kick misses the quokka.
The quokka is moderately wounded.
The quokka bites you. x2
You hit the quokka. You claw the quokka.
The quokka is severely wounded.
The quokka bites you.
* * * LOW HITPOINT WARNING * * *
The quokka attacks as you move away! The quokka closely misses you.
The quokka misses you.
Casting: Shock (safe; 7% risk of failure)
Confirm with . or Enter, or press ? or * to list all spells.
Aiming: Shock (safe; 7% risk of failure)
Press: ? - help, Shift-Dir - straight line, f/p - quokka
Aim: a quokka (severely wounded, 56% to hit)
The zap misses the quokka.
The quokka closely misses you.
You miss the quokka. Your peck misses the quokka.
The quokka is severely wounded.
The quokka bites you.
You die...

.†...##########.#8.#
#.#......### #'####
..######...# #.# ###
##.#.## #.# # #.....# #.#
.# #######.#.#.###.# ..#
.....##.......#^#####..>###
.....##.#.#.#.#.#..........
..#..##.#.......@r.........
..............##...........
.....##.#####>#######...###
......#.# #.# ...#
.#.#....# #.# .....
.#.##.#.# #.# ..#.#
.#......# #.# ..#.#
.#.##.#.......#
.#.##.#########


You could see a quokka.

Vanquished Creatures
  A goblin (D:1)
  A hobgoblin (D:1)
  A ball python (D:1)
  A frilled lizard (D:1)
4 creatures vanquished.

Notes
Turn   | Place    | Note
-------+----------+-------------------------------------------
     0 | D:1      | Godmorgon the Tengu Air Elementalist began the quest for
                  | the Orb.
     0 | D:1      | Reached XP level 1. HP: 10/10 MP: 4/4
   197 | D:1      | Slain by a quokka

Illustrated notes

Levels and vault maps discovered:
D:1:      elethiomel_arrival_quiet, layout_loops_cross

Action                   || total
-------------------------++-------
Melee: Club              ||     6
       Kick              ||     1
 Cast: Shock             ||    12
Dodge: Dodged            ||     8
